 Dungeon Sprint DCSS version 0.29.1-4-g47bece8355 (webtiles) character file.

Game seed: 9674526514661133754

1081 boopmooplesden the Carver (level 8, -1/85 HPs)
             Began as a Minotaur Berserker on Dec 8, 2022.
             Was a High Priest of Trog.
             Slain by an efreet
             ... wielding a +1 scimitar of flaming
              (5 damage)
             ... in the Dungeon (Sprint IX: "|||||||||||||||||||||||||||||").
             The game lasted 00:01:16 (599 turns).

boopmooplesden the Carver (Minotaur Berserker)       Turns: 599, Time: 00:01:17

Health: -1/85      AC: 12    Str: 27    XL:     8   Next: 8%
Magic:  7/7        EV: 11    Int:  4    God:    Trog [*****.]
Gold:   0          SH:  0    Dex: 13    Spells: 7/7 levels left

rFire   . . .      SeeInvis .   a - +0 falchion
rCold   . . .      Faith    .   (no shield)
rNeg    . . .      Spirit   .   m - +1 chain mail
rPois   .          Reflect  .   (helmet restricted)
rElec   .          Harm     .   l - +0 cloak
rCorr   .          Rampage  .   (no gloves)
Will    .....      NoTele   +   (no boots)
Stlth   ..........              (no amulet)
HPRegen 0.24/turn               n - +3 ring of dexterity
MPRegen 0.10/turn               o - +3 ring of strength

@: lethally poisoned (-1 -> -5), on berserk cooldown, slowed, very slow
A: horns 2, retaliatory headbutt
a: Renounce Religion, Berserk, Trog's Hand, Brothers in Arms


You were in the Dungeon.
You worshipped Trog.
Trog was extremely pleased with you.
You visited 1 branch

Inventory:

Hand Weapons
 a - a +0 falchion (weapon)
 k - a +2 scimitar of holy wrath
Armour
 l - a +0 cloak (worn)
 m - a +1 chain mail (worn)
Jewellery
 n - a +3 ring of dexterity (left hand)
 o - a +3 ring of strength (right hand)
Wands
 j - a wand of roots (10)
Scrolls
 h - 2 scrolls of blinking
Potions
 c - 5 potions of curing
 d - 3 potions of heal wounds
 e - a potion of haste
 f - 4 potions of magic
 g - a potion of berserk rage
 i - a potion of invisibility


   Skills:
 + Level 12.9 Fighting
 + Level 14.3 Long Blades
 + Level 6.9 Armour
 + Level 7.0 Dodging
 + Level 0.5 Stealth


You had 7 spell levels left.
You didn't know any spells.
Your spell library was empty.

Dungeon Overview and Level Annotations

Branches:
Dungeon (1/1)

Altars:
Cheibriados
Dithmenos
Elyvilon
Fedhas
Gozag
Hepliaklqana
Kikubaaqudgha
Makhleb
Nemelex Xobeh
Okawaru
Qazlal
Ru
Sif Muna
Trog
Uskayaw
Vehumet
Wu Jian
Xom
Yredelemnul
Zin
The Shining One
Jiyva
Lugonu


Innate Abilities, Weirdness & Mutations

You have a pair of horns on your head.
You reflexively headbutt those who attack you in melee.


Message History

You are no longer berserk.
You feel yourself slow down.
The black mamba bites you but does no damage.
The black mamba bites you! The black mamba bites you.
The black mamba barely misses you. The black mamba bites you!
The black mamba bites you but does no damage. x2
The black mamba bites you! x2
The black mamba bites you! x2
You turn to flesh and can move again.
You barely miss the black mamba.
The black mamba is heavily wounded.
You feel very sick. The black mamba barely misses you. You furiously retaliate!
You headbutt the black mamba. You hit the black mamba.
You headbutt the black mamba.
The black mamba is severely wounded.
You feel sick.
The black mamba bites you but does no damage.
The black mamba closely misses you. You furiously retaliate!
You headbutt the black mamba! You hit the black mamba.
You headbutt the black mamba.
You kill the black mamba!
Trog accepts your kill.
You feel sick.
Your Long Blades skill increases to level 14!
Your Dodging skill increases to level 7!
You have reached level 8!
You feel agile.
You barely miss the efreet.
You feel sick.
The efreet hits you with a +1 scimitar of flaming!
* * * LOW HITPOINT WARNING * * *
The efreet burns you.
* * * LOW HITPOINT WARNING * * *
You hit the efreet.
The efreet is lightly wounded.
* * * LOW HITPOINT WARNING * * *
You feel sick.
The efreet hits you with a +1 scimitar of flaming.
You die...

▓.▓
▓.▓
▓.▓
▓D▓
▓C▓
▓°▓
▓R▓
▓@▓
▓.▓
▓.▓
▓)▓
▓)▓
▓)▓
▓[▓
▓.▓
▓.▓


You could see a six-headed hydra, a cyclops and an efreet.

Vanquished Creatures
  A black mamba (shapeshifter) (D)
  A basilisk (D)
  2 orc warriors (D)
  An ice beast (D)
  A kobold brigand (D)
  A phantom (D)
  A scorpion (D)
  A necrophage (D)
  An orc priest (D)
  2 orc wizards (D)
  A dart slug (D)
  An orc (D)
  An endoplasm (D)
  A kobold (D)
  A frilled lizard (D)
  A goblin (D)
18 creatures vanquished.

Vanquished Creatures (others)
  A manticore (D)
1 creature vanquished.

Grand Total: 19 creatures vanquished

Notes
Turn   | Place    | Note
-------+----------+-------------------------------------------
     0 | D        | boopmooplesden the Minotaur Berserker began the quest for
                  | the Orb.
     0 | D        | Reached XP level 1. HP: 19/19 MP: 0/0
    14 | D        | Reached skill level 4 in Long Blades
    14 | D        | Reached ** piety under Trog
   154 | D        | Noticed an ice beast
   154 | D        | Noticed a scorpion
   154 | D        | Noticed a phantom
   154 | D        | Noticed a necrophage
   157 | D        | Killed a necrophage
   158 | D        | Reached skill level 7 in Long Blades
   158 | D        | Reached XP level 2. HP: 31/31 MP: 1/1
   158 | D        | Reached XP level 3. HP: 38/38 MP: 2/2
   165 | D        | Killed a phantom
   165 | D        | Reached *** piety under Trog
   166 | D        | Reached skill level 8 in Long Blades
   166 | D        | Reached XP level 4. HP: 48/48 MP: 3/3
   168 | D        | Killed a scorpion
   169 | D        | Reached skill level 9 in Long Blades
   169 | D        | Reached XP level 5. HP: 56/56 MP: 4/4
   174 | D        | Killed an ice beast
   175 | D        | Reached skill level 10 in Long Blades
   175 | D        | Reached XP level 6. HP: 57/66 MP: 5/5
   180 | D        | Found a snail-covered altar of Cheibriados.
   180 | D        | Found a shadowy altar of Dithmenos.
   180 | D        | Found a white marble altar of Elyvilon.
   180 | D        | Found a blossoming altar of Fedhas.
   180 | D        | Found an opulent altar of Gozag.
   181 | D        | Found a hazy altar of Hepliaklqana.
   182 | D        | Found a viscous altar of Jiyva.
   183 | D        | Found an ancient bone altar of Kikubaaqudgha.
   184 | D        | Found a corrupted altar of Lugonu.
   185 | D        | Found a burning altar of Makhleb.
   186 | D        | Found a sparkling altar of Nemelex Xobeh.
   187 | D        | Found an iron altar of Okawaru.
   188 | D        | Found a stormy altar of Qazlal.
   189 | D        | Found a sacrificial altar of Ru.
   190 | D        | Found a shimmering blue altar of Sif Muna.
   191 | D        | Found a bloodstained altar of Trog.
   192 | D        | Found a hide-covered altar of Uskayaw.
   193 | D        | Found a radiant altar of Vehumet.
   194 | D        | Found an ornate altar of the Wu Jian Council.
   195 | D        | Found a shimmering altar of Xom.
   196 | D        | Found a basalt altar of Yredelemnul.
   197 | D        | Found a glowing silver altar of Zin.
   198 | D        | Found a glowing golden altar of the Shining One.
   226 | D        | Noticed an orc warrior
   226 | D        | Noticed an orc warrior
   232 | D        | Reached **** piety under Trog
   233 | D        | Reached skill level 11 in Long Blades
   233 | D        | Reached skill level 5 in Armour
   233 | D        | Reached skill level 5 in Dodging
   238 | D        | Killed an orc warrior
   239 | D        | Reached skill level 10 in Fighting
   239 | D        | Reached skill level 12 in Long Blades
   242 | D        | Killed an orc warrior
   248 | D        | Reached XP level 7. HP: 32/74 MP: 6/6
   257 | D        | Reached ***** piety under Trog
   258 | D        | Reached skill level 13 in Long Blades
   569 | D        | Noticed a six-headed hydra
   569 | D        | Noticed a cyclops
   569 | D        | Noticed a manticore
   569 | D        | Noticed an efreet
   569 | D        | Noticed a wind drake
   569 | D        | Noticed a basilisk
   577 | D        | Killed a manticore
   578 | D        | Noticed a black mamba
   578 | D        | a wind drake changed into a black mamba
   585 | D        | Killed a basilisk
   597 | D        | Killed a black mamba
   598 | D        | Reached skill level 14 in Long Blades
   598 | D        | Reached XP level 8. HP: 23/85 MP: 7/7
   599 | D        | HP: 4/85 [poisoned by a black mamba]
   599 | D        | Slain by an efreet

Illustrated notes

Levels and vault maps discovered:
D:        linesprint [early_d, line_temple, items_1, d_10, items_2, lair_1,
          lair_end, items_3, orc_1, orc_end, items_4, d_15, swamp_1, shoals_1,
          snake_1, spider_1, d_20, vaults_1, items_5, swamp_end, shoals_end,
          snake_end, spider_end, vaults_end, d_27, items_6, zot_1, zot_end,
          crypt_end, forest_end, elf_end, slime_end, tomb_end, abyss_end,
          pan_hell_end]

Skill      XL: |  1  2  3  4  5  6  7 |
---------------+----------------------+-----
Fighting       | 6 8 9 11 12 | 12.9
Long Blades    | 7 8 9 10 12 14 | 14.3
Armour         | 3 4 5 6 |  6.9
Dodging        | 3 4 5 7 |  7.0
Stealth        | |  0.5

Action                   |  1- 3 |  4- 6 |  7- 9 || total
-------------------------+-------+-------+-------++-------
Melee: Falchion          |    26 |    26 |    24 ||    76
       Headbutt          |     4 |     5 |     3 ||    12
Invok: Berserk           |     1 |     1 |     1 ||     3
Armor: Animal skin       |     3 |     2 |     2 ||     7
       Chain mail        |       |       |     9 ||     9
Dodge: Dodged            |    14 |     7 |     4 ||    25
